 Dungeon Crawl Stone Soup version 0.30.0-29-ga12c61a403 (webtiles) character file.

Game seed: 17400373219355931462

124 BONEBRO the Ruffian (level 4, 0/39 HPs)
             Began as a Troll Fire Elementalist on June 22, 2023.
             Succumbed to Crazy Yiuf's poison
             ... on level 3 of the Dungeon.
             The game lasted 00:04:09 (2193 turns).

BONEBRO the Ruffian (Troll Fire Elementalist)       Turns: 2193, Time: 00:04:09

Health: 0/39       AC:  4    Str: 18    XL:     4   Next: 81%
Magic:  4/4        EV:  9    Int: 11    God:
Gold:   201        SH:  0    Dex: 10    Spells: 4/5 levels left

rFire   . .          .
                       - Unarmed
rCold   . . .        (no shield)
rNeg    . . .        a - +0 robe
rPois   .            (helmet restricted)
rElec   .            (no cloak)
rCorr   .            (gloves unavailable)
SInv    +            (boots unavailable)
Will    .....        (no amulet)
Stlth   +            l - ring of see invisible
HPRegen 1.06/turn    (no ring)
MPRegen 0.09/turn

%: no passive effects
@: lethally poisoned (0 -> -1)
A: large, unfitting armour, claws 3, regeneration 1, shaggy fur 1, tough skin 1
a: no special abilities


You were on level 3 of the Dungeon.
You visited 1 branch of the dungeon, and saw 3 of its levels.

You collected 201 gold pieces.

Inventory:

Armour
 a - a +0 robe (worn)
Jewellery
 l - a ring of see invisible (left claw)
Wands
 r - a wand of iceblast (7)
Scrolls
 f - 2 scrolls of blinking {unknown}
 g - a scroll of poison {unknown}
 i - a scroll of enchant armour {unknown}
 j - 2 scrolls of identify {unknown}
 m - 3 scrolls of vulnerability {unknown}
 n - a scroll of silence {unknown}
 q - a scroll of enchant weapon {unknown}
 s - a scroll of magic mapping {unknown}
 u - a scroll of teleportation {unknown}
 v - a scroll of fog {unknown}
Potions
 b - 2 potions of magic
 c - 3 potions of attraction {unknown}
 d - 2 potions of ambrosia {unknown}
 e - a potion of degeneration {unknown}
 h - a potion of flight {unknown}
 k - a potion of cancellation {unknown}
 o - a potion of mutation {unknown}
 p - a potion of resistance {unknown}
 t - a potion of berserk rage {unknown}


   Skills:
 - Level 1.5 Dodging
 - Level 1.0 Stealth
 + Level 4.5 Unarmed Combat
 - Level 1.2 Spellcasting
 - Level 0.6 Conjurations
 - Level 2.1 Fire Magic


You had 4 spell levels left.
You knew the following spells:

 Your Spells              Type           Power      Damage    Failure   Level
a - Foxfire               Conj/Fire      12%        2x1d4     19%         1

Your spell library contained the following spells:

 Spells                   Type           Power      Damage    Failure   Level
 Scorch                   Fire           10%        2d5       19%         2
 Inner Flame              Hex/Fire       3%         N/A       52%         3
 Volatile Blastmotes      Fire/Tloc      6%         2d10      52%         3
 Flame Wave               Conj/Fire      3%         2d5       87%         4
 Borgnjor's Revivificati  Necr           0%         N/A       100%        8
 Necromutation            Tmut/Necr      0%         N/A       100%        8
 Death's Door             Necr           0%         N/A       100%        9


Dungeon Overview and Level Annotations

Branches:
Dungeon (3/15)

Altars:
Ashenzari
Vehumet
Yredelemnul

Shops:
D:3 !

Annotations:
D:3 Crazy Yiuf


Innate Abilities, Weirdness & Mutations

You are too large for most types of armour.
You have claws for hands.
Your natural rate of healing is unusually fast.
You are covered in fur. (AC +1)
You have tough skin. (AC +1)


Message History

You see here a +0 hand axe.
You now have 201 gold pieces (gained 7).
m - 3 scrolls labelled CEUCZA COCKE (gained 1)
Found a hammer.
Found a runed translucent door.
Crazy Yiuf shouts!
Crazy Yiuf yells, "East!
Walk senile chair."
There is a stone staircase leading down here.
Crazy Yiuf shouts!
Crazy Yiuf twirls on the spot.
Sorry, you're not good enough to have a special ability.
Could not explore, unopened runed door.
Okay, then.
You open the door. You closely miss Crazy Yiuf.
Crazy Yiuf hits you with a +3 quarterstaff of chaos!
You are poisoned.
You scratch Crazy Yiuf.
Crazy Yiuf is lightly wounded.
You feel very sick. Crazy Yiuf misses you.
You scratch Crazy Yiuf.
Crazy Yiuf is moderately wounded.
You feel very sick.
Crazy Yiuf hits you with a +3 quarterstaff of chaos!
* * * LOW HITPOINT WARNING * * *
Crazy Yiuf freezes you.
* * * LOW HITPOINT WARNING * * *
You scratch Crazy Yiuf but do no damage.
Crazy Yiuf is moderately wounded.
* * * LOW HITPOINT WARNING * * *
You feel sick.
Crazy Yiuf says, "Whippet!"
Crazy Yiuf barely misses you.
You scratch Crazy Yiuf but do no damage.
Crazy Yiuf is moderately wounded.
* * * LOW HITPOINT WARNING * * *
You feel sick. Crazy Yiuf barely misses you.
You claw Crazy Yiuf!
Crazy Yiuf is severely wounded.
You die...

#
#.....#>..#.########.#......
#
#.....#####.......##........
# #.....# #######.####......
# #...### ### ##...... #
#...# #..##### #...#
♣♣♣♣♣###.## #...# ###
♣♣♣.♣....#.# #...#
#...#♣..♣.......# #...#
#...g@♣♣♣♣......# #...#
#)..#♣♣ ♣♣....## ##### ###
♣♣####


You could see Crazy Yiuf.

Vanquished Creatures
  Ijyb (D:3)
  2 adders (D:2)
  4 worms
  A dart slug (D:1)
  4 ball pythons
  4 bats
  10 endoplasms
  5 giant cockroaches
  3 goblins
  9 hobgoblins
  4 kobolds
  3 quokkas
  4 frilled lizards
  9 rats
63 creatures vanquished.

Notes
Turn   | Place    | Note
-------+----------+-------------------------------------------
     0 | D:1      | BONEBRO the Troll Fire Elementalist began the quest for the
                  | Orb.
     0 | D:1      | Reached XP level 1. HP: 16/16 MP: 1/1
    39 | D:1      | Reached skill level 1 in Unarmed Combat
   106 | D:1      | Reached XP level 2. HP: 24/24 MP: 2/2
   252 | D:1      | Reached skill level 2 in Unarmed Combat
   391 | D:1      | Reached XP level 3. HP: 31/31 MP: 3/3
   526 | D:1      | Reached skill level 3 in Unarmed Combat
  1022 | D:2      | Reached XP level 4. HP: 39/39 MP: 4/4
  1393 | D:2      | Reached skill level 4 in Unarmed Combat
  1716 | D:3      | Found a radiant altar of Vehumet.
  1720 | D:3      | Found a broken altar of Ashenzari.
  1722 | D:3      | Found a basalt altar of Yredelemnul.
  1836 | D:3      | Found Unguigy's Distillery.
  1924 | D:3      | Noticed Ijyb
  1957 | D:3      | Killed Ijyb
  2071 | D:3      | Found a runed translucent door.
  2072 | D:3      | Noticed Crazy Yiuf
  2191 | D:3      | HP: 1/39 [poisoned by Crazy Yiuf]
  2193 | D:3      | Succumbed to Crazy Yiuf's poison

Illustrated notes

Levels and vault maps discovered:
D:1:      roderic_dead_forest, layout_basic, kennysheep_pointless_box
D:2:      layout_rooms, serial_co_window_serial, co_window_corner_a,
          co_window_paths_b, co_window_of_opportunity_a,
          co_window_of_opportunity_a, co_window_paths_a, co_window_corner_a,
          co_window_corner_cb, co_window_corner_cb, co_window_unsneaky_path_a,
          co_window_4corner_b, co_window_paths_d, glass_columns_b,
          glass_columns_a, glass_columns_a
D:3:      layout_basic, gammafunk_temple_overflow_forgotten, serial_shops,
          nicolae_shop_rolling_square, uniq_ijyb, uniq_crazy_yiuf_cottage

Skill      XL: |  1  2  3  4 |
---------------+-------------+-----
Unarmed Combat | 1 2 3 4 |  4.5
Dodging        | |  1.5
Stealth        | |  1.0
Spellcasting   | |  1.2
Conjurations   | |  0.6
Fire Magic     | |  2.1

Action                     |  1- 3 |  4- 6 || total
---------------------------+-------+-------++-------
  Melee: Unarmed           |   138 |    70 ||   208
         Punch             |     1 |       ||     1
   Stab: Sleeping          |     4 |     2 ||     6
 Armour: Robe              |    47 |    27 ||    74
  Dodge: Dodged            |    49 |    28 ||    77
